AoeStats
← Atman

Oasis

510250975Analyzed
4v4 RM · 2d ago on Sep 30, 2026· 41m 47s· 8 players
Game mode
Random Map
Map size
Large (8 player)
Population
200
Speed
Normal
Resources
Standard
Victory
Conquest
Starting age
Dark Age
Ending age
Imperial Age
RankedLock teamsTeams togetherTeam positionsShared explorationLock speedFull tech treeHidden civsTurbo modeCheats
Victory
Defeat
🇲🇽 Cumans · Mexico
1134
+15
🇲🇽 Byzantines · Mexico
1036
+19
🇲🇽 Goths · Mexico
985
+21
🇲🇽 Britons · Mexico
944
+22
🇺🇸 Lithuanians · United States
1161
-21
🇨🇳 Mongols · China
1134
-21
🇮🇳 Dravidians · India
1089
-55
🇹🇼 Spanish · Taiwan
1023
-16
MaxC
4:08 Loom
10:45 Feudal Age
18:49 Castle Age
17:13 Stone Mining
17:18 Double-Bit Axe
17:48 Gold Mining
19:48 Bow Saw
19:23 Horse Collar
28:33 Imperial Age
26:40 Wheelbarrow
27:07 Scale Barding Armor
27:04 Padded Archer Armor
26:55 Fletching
28:44 Chain Barding Armor
28:40 Bloodlines
28:50 Leather Archer Armor
29:37 Conscription
30:12 Forging
31:54 Ring Archer Armor
31:40 Cavalier
32:21 Husbandry
33:24 Iron Casting
33:30 Hand Cart
34:18 Caravan
36:23 Blast Furnace
37:17 Plate Barding Armor
37:16 Elite Conquistador
38:45 Bodkin Arrow
40:43 Two-Man Saw
李哥7758
5:19 Loom
10:03 Feudal Age
20:43 Castle Age
19:39 Fletching
21:33 Thumb Ring
21:25 Double-Bit Axe
22:02 Crossbowman
22:53 Padded Archer Armor
24:43 Ballistics
26:06 Wheelbarrow
26:22 Bodkin Arrow
27:12 Town Watch
28:27 Wheelbarrow
27:36 Horse Collar
28:54 Heavy Plow
31:08 Gold Mining
34:07 Imperial Age
32:15 Hand Cart
33:00 Gold Shaft Mining
32:40 Stone Mining
32:48 Stone Mining
35:08 Arbalester
35:59 Bracer
37:24 Masonry
37:40 Town Patrol
38:02 Capped Ram
39:27 Leather Archer Armor
41:21 Parthian Tactics
41:09 Forging
41:00 Scale Mail Armor
40:45 Elite Mangudai
Atman
11:17 Feudal Age
15:49 Castle Age
14:09 Double-Bit Axe
15:19 Horse Collar
16:28 Wheelbarrow
16:58 Bow Saw
17:06 Heavy Plow
23:05 Gold Mining
23:42 Hand Cart
25:25 Stone Mining
28:49 Imperial Age
26:24 Scale Mail Armor
26:35 Forging
26:17 Man-at-Arms
26:57 Squires
26:42 Gambesons
27:03 Arson
27:33 Chain Mail Armor
27:23 Long Swordsman
29:21 Iron Casting
29:00 Onager
29:07 Two-Handed Swordsman
31:32 Champion
34:16 Plate Mail Armor
34:56 Wootz Steel
34:07 Pikeman
34:59 Halberdier
40:58 Blast Furnace
PapaSmurf
7:46 Loom
9:32 Feudal Age
10:38 Double-Bit Axe
13:48 Scale Barding Armor
13:54 Forging
14:36 Bloodlines
25:56 Castle Age
24:57 Gold Mining
24:59 Stone Mining
25:29 Horse Collar
26:58 Bow Saw
27:10 Husbandry
30:16 Wheelbarrow
31:31 Heavy Plow
35:53 Imperial Age
34:33 Hand Cart
34:04 Town Watch
38:35 Cavalier
40:41 Two-Man Saw
40:13 Crop Rotation
soms88
11:23 Feudal Age
11:54 Horse Collar
12:00 Double-Bit Axe
15:39 Loom
18:37 Castle Age
17:51 Gold Mining
19:06 Forging
19:01 Scale Barding Armor
19:32 Bloodlines
19:55 Bow Saw
21:19 Gold Shaft Mining
22:14 Iron Casting
22:06 Chain Barding Armor
24:04 Iron Casting
28:27 Wheelbarrow
35:29 Imperial Age
33:09 Heavy Plow
34:21 Steppe Husbandry
35:23 Hand Cart
36:14 Elite Steppe Lancer
37:46 Plate Barding Armor
38:15 Blast Furnace
38:20 Plate Barding Armor
40:04 Two-Man Saw
39:39 Crop Rotation
dollivier9
9:24 Loom
12:20 Feudal Age
13:43 Horse Collar
13:54 Double-Bit Axe
14:01 Gold Mining
14:11 Stone Mining
23:22 Castle Age
22:35 Forging
22:31 Scale Barding Armor
29:37 Imperial Age
27:35 Husbandry
28:36 Wheelbarrow
29:55 Chain Barding Armor
31:02 Conscription
34:10 Cavalier
37:00 Light Cavalry
38:48 Heavy Camel Rider
41:27 Iron Casting
41:55 Plate Barding Armor
patrick.ollivier.leal
1:30 Loom
13:50 Feudal Age
14:27 Double-Bit Axe
18:57 Castle Age
19:09 Horse Collar
20:12 Wheelbarrow
19:51 Padded Archer Armor
19:44 Fletching
20:00 Crossbowman
25:53 Bow Saw
25:22 Elite Skirmisher
26:42 Leather Archer Armor
26:35 Heavy Plow
28:09 Gold Mining
28:30 Bodkin Arrow
32:53 Ballistics
38:20 Yeomen
42:17 Imperial Age
40:05 Hand Cart
victor.abascal96
11:59 Loom
17:39 Feudal Age
Connection lost

Rejoining the realm…

Still unreachable

The connection could not be restored.

Session expired

The server has moved on; the page needs a fresh start.